 Dungeon Crawl Stone Soup version 0.29.0-4-gdea44cf6ec (webtiles) character file.

Game seed: 5687910529154832883

39 qw the Chopper (level 3, 0/21 HPs)
             Began as a Tengu Warper on Aug 28, 2022.
             Slain by a hobgoblin (1 damage)
             ... on level 3 of the Dungeon.
             The game lasted 00:00:08 (2006 turns).

qw the Chopper (Tengu Warper)                       Turns: 2006, Time: 00:00:08

Health: 0/21       AC:  8    Str: 12 (13) XL:     3   Next: 47%
Magic:  7/7        EV:  5    Int: 12 (13) God:
Gold:   67         SH:  0    Dex: 10 (13) Spells: 6/6 levels left

rFire   . . .      SeeInvis .   Y - +1 hand axe
rCold   . . .      Faith    .   (no shield)
rNeg    . . .      Spirit   .   g - +0 chain mail
rPois   .          Reflect  .   (helmet restricted)
rElec   .          Harm     .   (no cloak)
rCorr   .          Rampage  .   (no gloves)
Will    .....                   (boots unavailable)
Stlth   ..........              (no amulet)
HPRegen 0.07/turn               (no ring)
MPRegen 0.10/turn               (no ring)

@: lethally poisoned (0 -> -1)
A: beak, talons 3
a: no special abilities


You were on level 3 of the Dungeon.
You visited 1 branch of the dungeon, and saw 3 of its levels.

You collected 67 gold pieces.


Innate Abilities, Weirdness & Mutations

You have a beak for a mouth.
You have claws for feet.


   Skills:
 - Level 2.0 Fighting
 + Level 4.2 Axes
 - Level 1.0 Throwing
 - Level 1.1 Armour
 - Level 2.1 Dodging
 - Level 2.0 Spellcasting
 - Level 2.4 Translocations


You had 6 spell levels left.
You didn't know any spells.
Your spell library contained the following spells:

 Spells                   Type           Power      Damage    Failure   Level
 Blink                    Tloc           12%        N/A       100%        2
 Gell's Gravitas          Tloc           6%         N/A       100%        3
 Lesser Beckoning         Tloc           6%         N/A       100%        3
 Teleport Other           Tloc           6%         N/A       100%        3
 Manifold Assault         Tloc           6%         N/A       100%        5

Inventory:

Hand Weapons
 c - a +0 mace
 Y - a +1 hand axe (weapon)
Armour
 g - a +0 chain mail (worn)
Scrolls
 h - a scroll of identify
Potions
 a - 2 potions of mutation {unknown}
 d - a potion of heal wounds {unknown}
 e - a potion of curing {unknown}
 f - a potion of resistance {unknown}
 k - a potion of haste {unknown}

Dungeon Overview and Level Annotations

Branches:
Dungeon (3/15)

Altars:


Message History

You are more poisoned.
The adder poisons you!
The hobgoblin hits you but does no damage.
You hit the adder.
The adder is heavily wounded.
You hit the hobgoblin.
You feel very sick. The adder bites you but does no damage.
The hobgoblin hits you but does no damage.
You hit the adder but do no damage.
The adder is heavily wounded.
You closely miss the hobgoblin.
You feel sick. The adder bites you but does no damage. The hobgoblin hits you.
The adder bites you but does no damage.
You miss the adder.
The adder is heavily wounded.
You closely miss the hobgoblin.
You feel sick. The adder bites you but does no damage.
The hobgoblin hits you but does no damage.
You completely miss the adder. Your kick misses the adder.
The adder is heavily wounded.
You barely miss the hobgoblin.
You feel sick. The adder barely misses you.
The hobgoblin hits you but does no damage.
You barely miss the adder.
The adder is heavily wounded.
You hit the hobgoblin but do no damage.
You feel sick. The adder bites you but does no damage.
The hobgoblin hits you but does no damage.
The adder bites you but does no damage.
You barely miss the adder. You claw the adder. Your peck misses the adder.
The adder is almost dead.
You hit the hobgoblin but do no damage.
You feel sick. The adder bites you but does no damage.
The hobgoblin hits you but does no damage.
You hit the adder. Your kick misses the adder. Your peck misses the adder.
The adder is almost dead.
You hit the hobgoblin but do no damage.
You feel sick. The adder bites you but does no damage. The hobgoblin hits you.
You die...

#....#
########....#
#...........#
########....#
########...#
ยค......'...#
.......'...######
.......'........#
########.@g.....#
###S....!#
......# ......#
.###### .. .. ..


You could see an adder and a hobgoblin.

Vanquished Creatures
  An adder (D:2)
  A worm (D:2)
  A dart slug (D:1)
  3 ball pythons
  2 bats (D:1)
  3 endoplasms
  A giant cockroach (D:3)
  5 hobgoblins
  2 kobolds
  2 quokkas
  A frilled lizard (D:2)
22 creatures vanquished.

Vanquished Creatures (others)
  A goblin (D:3)
1 creature vanquished.

Grand Total: 23 creatures vanquished

Notes
Turn   | Place    | Note
-------+----------+-------------------------------------------
     0 | D:1      | qw the Tengu Warper began the quest for the Orb.
     0 | D:1      | Reached XP level 1. HP: 12/12 MP: 4/4
     0 | D:1      | 0 ||| qw: Version: 0.1-a-89-g26bdef1
     0 | D:1      | 0 ||| qw: Game counter: 698
     0 | D:1      | 0 ||| qw: Always use a shield: true
     0 | D:1      | 0 ||| qw: God list: Okawaru
     0 | D:1      | 0 ||| qw: Allow faded altars: false
     0 | D:1      | 0 ||| qw: Do Orc after D:15 true
     0 | D:1      | 0 ||| qw: Do second Lair branch before Depths: true
     0 | D:1      | 0 ||| qw: Lair rune preference: random
     0 | D:1      | 0 ||| qw: Plans: Normal
     0 | D:1      | 0 ||| PLANNING D:1-11
   119 | D:1      | 119 ||| Stepping ~*~*~tactically~*~*~ (hiding).
   356 | D:1      | Reached XP level 2. HP: 13/17 MP: 6/6
   405 | D:1      | Reached skill level 3 in Axes
   871 | D:1      | 871 ||| UPGRADING to +0 ring mail.
   881 | D:1      | 881 ||| DROPPING +0 leather armour.
   882 | D:1      | 882 ||| READING scroll labelled MASSIW LONEDE.
   883 | D:1      | 883 ||| READING scroll labelled JUCKEG YMEUMM.
   884 | D:1      | 884 ||| READING 5 scrolls labelled ZURUICVYGG.
   885 | D:1      | 885 ||| DRINKING 2 fuming inky potions.
   886 | D:1      | 886 ||| READING 4 scrolls of identify.
   886 | D:1      | 886 ||| IDENTIFYING red potion
   887 | D:1      | 887 ||| READING 3 scrolls of identify.
   887 | D:1      | 887 ||| IDENTIFYING viscous clear potion
   888 | D:1      | 888 ||| READING 2 scrolls of identify.
   888 | D:1      | 888 ||| IDENTIFYING glowing cyan potion
   889 | D:1      | 889 ||| DROPPING scroll of blinking.
   890 | D:1      | 890 ||| DROPPING potion of lignification.
   891 | D:1      | 891 ||| DROPPING potion of degeneration.
   892 | D:1      | 892 ||| DROPPING potion of attraction.
   893 | D:1      | 893 ||| DROPPING potion of flight.
  1037 | D:2      | Reached XP level 3. HP: 20/21 MP: 7/7
  1602 | D:2      | 1602 ||| FLEEEEING.
  1611 | D:2      | Reached skill level 4 in Axes
  1803 | D:2      | Found a faded altar of an unknown god.
  1832 | D:2      | 1832 ||| UPGRADING to +0 chain mail.
  1842 | D:2      | 1842 ||| DROPPING +0 ring mail.
  1843 | D:2      | 1843 ||| READING scroll labelled VEOPUI JADEIF.
  1844 | D:2      | 1844 ||| READING scroll labelled QIUMUF UDIZ.
  1845 | D:2      | 1845 ||| READING scroll labelled MANOASO ZEALILL.
  1990 | D:3      | 1990 ||| Stepping ~*~*~tactically~*~*~ (stealth).
  2003 | D:3      | HP: 5/21 [poisoned by an adder]
  2005 | D:3      | HP: 2/21 [poisoned by an adder]
  2006 | D:3      | Slain by a hobgoblin

Levels and vault maps discovered:
D:1:      minmay_arrival_stone_box, layout_loops_cross, minmay_split_cup_small
D:2:      layout_basic, basic_ecumenical_altar
D:3:      layout_basic, grunt_temple_overflow_order_and_chaos_1,
          kennysheep_cross_bottleneck

Skill      XL: |  1  2  3 |
---------------+----------+-----
Axes           | 3 4 |  4.2
Fighting       | |  2.0
Throwing       | |  1.0
Armour         | |  1.1
Dodging        | |  2.1
Spellcasting   | |  2.0
Translocations | |  2.4

Action                   || total
-------------------------++-------
Melee: Hand axe          ||    69
       Kick              ||    13
       Peck              ||     7
       Punch             ||     2
Throw: Boomerang         ||     7
  Use: Scroll            ||     9
       Potion            ||     1
Armor: Leather armour    ||     6
       Ring mail         ||     7
       Chain mail        ||    19
Dodge: Dodged            ||    29

Table legend:
 A = Non-vault XP
 B = Vault XP
 C = Vault XP percentage of total XP
 D = Non-vault monster count
 E = Vault monster count
 F = Vault count percentage of total count
                 A         B        C        D         E       F
            +---------+---------+-------+---------+---------+-------
      Total |      52 |       5 |   8.8 |      19 |       3 |  13.6
            +---------+---------+-------+---------+---------+-------
        D:1 |      14 |       5 |  26.3 |       6 |       3 |  33.3
        D:2 |      32 |       0 |   0.0 |      10 |       0 |   0.0
        D:3 |       6 |       0 |   0.0 |       3 |       0 |   0.0
            +---------+---------+-------+---------+---------+-------
